 Dungeon Crawl Stone Soup version 0.30-a0-358-g0d69a1922f (webtiles) character file.

Game seed: 6357691691267334201

137208 Devinter the Fencer (level 16, -9/162 HPs)
             Began as a Minotaur Fighter on Nov 11, 2022.
             Was an Initiate of Gozag.
             Mangled by a vampire knight
             ... wielding a +0 glaive
              (19 damage)
             ... on level 2 of the Depths.
             The game lasted 02:08:10 (23033 turns).

Devinter the Fencer (Minotaur Fighter)             Turns: 23033, Time: 02:08:10

Health: -9/162     AC: 22    Str: 29    XL:     16   Next: 68%
Magic:  21/21      EV: 24    Int:  3    God:    Gozag
Gold:   1600       SH:  0    Dex: 33    Spells: 17/23 levels left

rFire   + . .      SeeInvis .    Q - +5 sword of Power {vorpal}
rCold   + + .      Faith    .    (shield currently unavailable)
rNeg    + + +      Spirit   .    a - +4 scale mail of Ashenzari's Wrath {Contam Rampage Int+2}
rPois   +          Reflect  +    I - +1 hat
rElec   .          Harm     .    m - scarf {rC+ rF+}
rCorr   .          Rampage  +    i - +0 pair of gloves
Will    ++...                    E - +4 pair of boots "Hoiquu" {rPois rF+ Str+4}
Stlth   +.........               f - amulet "Fustrusou" {Reflect rN++ Int-4 Dex+8 SH+5 Stlth+}
HPRegen 0.47/turn                l - ring of Caeribu {rF- rC+ rN+ Will+ Str+5}
MPRegen 0.17/turn                t - +6 ring of dexterity

@: confused, ambrosia-drunk, gold aura, hasted, very quick
A: horns 2, retaliatory headbutt
a: Renounce Religion, Potion Petition, Call Merchant, Bribe Branch


You were on level 2 of the Depths.
You worshipped Gozag.
Gozag was most pleased with you.
You visited 5 branches of the dungeon, and saw 25 of its levels.
You also visited: Volcano.

You collected 9858 gold pieces.
You spent 4497 gold pieces at shops.
You paid 3761 gold pieces to Gozag.

Inventory:

Hand Weapons
 A - a +1 scimitar of flaming
 Q - the +5 sword of Power (weapon) {vorpal}
   (You bought it in a shop on level 12 of the Dungeon)

   It inflicts extra damage upon your enemies.
   It occasionally discharges a powerful but inaccurate bolt of energy upon
   striking a foe, with increased chance the greater the wielder's current
   health.
Missiles
 z - 41 poisoned darts
 C - 18 boomerangs (quivered)
 F - 6 javelins
 L - 2 curare-tipped darts
Armour
 a - the +4 scale mail of Ashenzari's Wrath (worn) {Contam Rampage Int+2}
   (You took it off an orc on level 11 of the Dungeon)

   Int:       It affects your intelligence (+2).
   Contam:    It causes magical contamination when unequipped.
   Rampage:   It bestows one free step when moving towards enemies.
 i - a +0 pair of gloves (worn)
 m - a scarf of resistance (worn)
 q - a +2 plate armour of cold resistance
 w - a +1 kite shield of protection
 E - the +4 pair of boots "Hoiquu" (worn) {rPois rF+ Str+4}
   (You found it on level 4 of the Dungeon)

   Str:       It affects your strength (+4).
   rF:        It protects you from fire.
   rPois:     It protects you from poison.
 I - a +1 hat (worn)
Jewellery
 f - the amulet "Fustrusou" (around neck) {Reflect rN++ Int-4 Dex+8 SH+5 Stlth+}
   (You bought it in a shop on level 8 of the Dungeon)

   [amulet of reflection]

   It reflects blocked missile attacks.
   Int:       It affects your intelligence (-4).
   Dex:       It affects your dexterity (+8).
   rN:        It greatly protects you from negative energy.
   SH:        It affects your SH (+5).
   Stlth:     It makes you more stealthy.
 l - the ring of Caeribu (left hand) {rF- rC+ rN+ Will+ Str+5}
   (You bought it in a shop on level 8 of the Dungeon)

   [ring of willpower]

   Str:       It affects your strength (+5).
   rF:        It makes you vulnerable to fire.
   rC:        It protects you from cold.
   rN:        It protects you from negative energy.
   Will:      It increases your willpower.
 t - a +6 ring of dexterity (right hand)
 D - a ring of positive energy
Wands
 b - a wand of charming (17)
 K - a wand of digging (3)
 M - a wand of polymorph (16)
 N - a wand of acid (5)
 V - a wand of flame (24)
 X - a wand of iceblast (2)
 Y - a wand of mindburst (21)
Scrolls
 j - a scroll of silence
 o - 3 scrolls of summoning
 p - 3 scrolls of blinking
 s - 8 scrolls of identify
 u - 12 scrolls of teleportation
 v - a scroll of enchant armour
 T - 4 scrolls of poison
Potions
 c - 2 potions of attraction
 d - a potion of might
 e - 9 potions of curing
 k - 7 potions of mutation
 n - 5 potions of invisibility
 r - 5 potions of cancellation
 x - a potion of resistance
 B - 5 potions of haste
 H - 2 potions of lignification
 J - 5 potions of brilliance
 O - 3 potions of magic
 W - 3 potions of flight
Miscellaneous
 y - a condenser vane


   Skills:
 + Level 19.7 Fighting
 - Level 20.0 Long Blades
 - Level 15.0 Armour
 - Level 12.0 Dodging
 - Level 5.0 Shields
 - Level 4.0 Spellcasting
 - Level 4.0 Translocations
 - Level 4.0 Air Magic
 - Level 5.0 Evocations


You had 17 spell levels left.
You knew the following spells:

 Your Spells              Type           Power      Damage    Failure   Level
a - Swiftness             Air            3%         N/A       36%         3
b - Lesser Beckoning      Tloc           6%         N/A       36%         3

Your spell library contained the following spells:

 Spells                   Type           Power      Damage    Failure   Level
 Shock                    Conj/Air       4%         1d3       30%         1
 Gell's Gravitas          Tloc           3%         N/A       36%         3
 Teleport Other           Tloc           3%         N/A       36%         3
 Kiss of Death            Conj/Necr      0%         2d5       56%         1
 Magic Dart               Conj           0%         1d3       56%         1
 Necrotise                Necr           0%         1d4       56%         1
 Portal Projectile        Hex/Tloc       2%         N/A       65%         3
 Call Imp                 Summ           0%         N/A       71%         2
 Ensorcelled Hibernation  Hex/Ice        0%         N/A       71%         2
 Scorch                   Fire           0%         2d5       71%         2
 Mephitic Cloud           Conj/Pois/Air  1%         N/A       77%         3
 Airstrike                Air            1%         2d(1-17)  78%         4
 Confusing Touch          Hex            0%         N/A       90%         3
 Dazzling Flash           Conj/Hex       0%         N/A       90%         3
 Spider Form              Tmut/Pois      0%         N/A       90%         3
 Stone Arrow              Conj/Erth      0%         3d7       90%         3
 Tukima's Dance           Hex            0%         N/A       90%         3
 Vampiric Draining        Necr           0%         2d6       90%         3
 Anguish                  Hex/Necr       0%         N/A       100%        4
 Animate Armour           Summ/Erth      0%         N/A       100%        4
 Dispel Undead            Necr           0%         3d6       100%        4
 Flame Wave               Conj/Fire      0%         2d4       100%        4
 Petrify                  Tmut/Erth      0%         N/A       100%        4
 Agony                    Necr           0%         N/A       100%        5
 Blade Hands              Tmut           0%         N/A       100%        5
 Iskenderun's Battlesphe  Conj           0%         2d6       100%        5
 Metabolic Englaciation   Hex/Ice        0%         N/A       100%        5
 Silence                  Hex/Air        0%         N/A       100%        5
 Iron Shot                Conj/Erth      0%         9d1       100%        6
 Statue Form              Tmut/Erth      0%         N/A       100%        6
 Summon Cactus Giant      Summ           0%         N/A       100%        6
 Malign Gateway           Summ/Tloc      0%         N/A       100%        7
 Spellforged Servitor     Conj/Summ      0%         N/A       100%        7
 Lehudib's Crystal Spear  Conj/Erth      0%         10d2      100%        8
 Summon Horrible Things   Summ           0%         N/A       100%        8


Dungeon Overview and Level Annotations

Branches:
Dungeon (15/15)            Temple (1/1) D:5            Lair (5/5) D:8
 Shoals (0/4) Lair:3        Snake (0/4) Lair:3        Slime (0/5) Lair:5
    Orc (2/2) D:11            Elf (0/3) Orc:2        Vaults (0/5) D:13
 Depths (2/4) D:15        Volcano (visited)

Altars:
Ashenzari
Cheibriados
Dithmenos
Elyvilon
Fedhas
Gozag
Hepliaklqana
Kikubaaqudgha
Makhleb
Nemelex Xobeh
Okawaru
Qazlal
Ru
Sif Muna
Trog
Uskayaw
Vehumet
Wu Jian
Xom
Yredelemnul
Zin
The Shining One
Jiyva

Shops:
D:8 *?*=   D:11 [   D:12 (?(   Orc:1 [   Orc:2 [!!*

Portals:
Hell: Depths:1
Abyss: Depths:1
Pandemonium: Depths:2
Trove: Depths:1 (give 12 potions of heal wounds)

Annotations:
D:5 4 exclusions
D:8 3 runed translucent doors, Bnni's ghost, novice MiFi
D:15 exclusions: ice statue and 2 more exclusions
Depths:1 Trove: N> 12 Pot of Heal


Innate Abilities, Weirdness & Mutations

You have a pair of horns on your head.
You reflexively headbutt those who attack you in melee.


Message History

* * * LOW HITPOINT WARNING * * *
Something misses you.
The spriggan rider hits you but does no damage.
You open something like a pillowcase!!! Your headbutt misses something.
Something hits you.
* * * LOW HITPOINT WARNING * * *
Something bites you.
* * * LOW HITPOINT WARNING * * *
Okay, then.
As you read the scroll of fear, it crumbles to dust.
You assume a fearsome visage.
The deep troll shaman looks frightened!
The spriggan rider resists with some effort.
You are unaffected.
The spriggan rider hits you with a +0 spear.
* * * LOW HITPOINT WARNING * * *
You are unaffected.
Blink to where?
Press: ? - help, Dir - move target
As you read the scroll of blinking, it crumbles to dust.
You see here a +0 robe.
You are confused.
You feel invigorated.
The spriggan rider hits you but does no damage.
The spriggan rider barely misses you. Something misses you.
The spriggan rider hits you but does no damage.
You see here a +0 robe.
You hit the spriggan rider. The spriggan rider blocks your attack.
The spriggan rider is lightly wounded.
Something misses you.
You bump into the rock wall.
The spriggan rider hits you with a +0 spear!
* * * LOW HITPOINT WARNING * * *
Something hits you!!
* * * LOW HITPOINT WARNING * * *
You feel yourself speed up.
The spriggan rider completely misses you.
Something hits you!!
You die...
Your body crumbles into a pile of gold.

#.......# ##.###................
##.####..###....#................
..............#.#................
##.####.####....'......##########
#.# ##+####+##.#......# # #.#
#........#.###'#### #
#.###........#......# #
##............##.###.# #
###...###.....##@###)# #
D$$$.##.##....{i)....# #
##.$.#..^#.....#.#####
###.##..§......#.# #
#.T......##..#.# #
#.#.......##.#.# #.#........#...#
#.#.∩.....##.#.# #.#.....###..#.#


You could see a spriggan rider.

Vanquished Creatures
  Gastronok (D:11)
  A tengu reaver (Depths:1)
  4 frost giants
  11 very ugly things
  A vampire knight (Depths:2)
  3 spriggan defenders
  4 stone giants
  3 spark wasps (Depths:1)
  A fire dragon (shapeshifter) (D:13)
  3 fire dragons
  4 ettins
  5 ice dragons
  A rakshasa (Depths:1)
  4 hydras
  3 spriggan air magi (Depths:2)
  2 catoblepae (Lair:5)
  10 centaur warriors
  2 boulder beetles
  7 tengu warriors
  2 deep troll earth magi
  2 deep troll shamans (Depths:1)
  5 spriggan berserkers (Depths:2)
  5 two-headed ogres
  5 death yaks (Lair:4)
  3 orc high priests (Orc:2)
  A hell knight (D:15)
  6 spriggans (Depths:2)
  An iron troll (Depths:1)
  4 skeletal warriors (D:11)
  2 glowing orange brains
  6 deep trolls
  The ghost of fedoskokos the Cleaver, a novice DEBe of Trog (D:7)
  2 phantasmal warriors (Depths:2)
  A swamp dragon (Lair:5)
  A deep elf archer (Volcano)
  6 orc knights
  10 deep elf pyromancers
  2 necromancers (D:15)
  14 ugly things
  3 orc sorcerers (Orc:2)
  6 cyclopes
  16 elephants
  2 merfolk sirens (Lair:3)
  4 manticores
  6 black mambas
  11 cane toads
  A gargoyle (D:14)
  7 rime drakes
  2 spectral unseen horrors (D:7)
  2 efreet
  9 komodo dragons
  7 trolls
  A troll (shapeshifter) (D:14)
  3 polar bears
  A meliai (shapeshifter) (D:15)
  2 merfolk (Lair:3)
  7 slime creatures
  3 meliai (D:13)
  6 hornets (Depths:2)
  A blink frog (shapeshifter) (D:15)
  2 dream sheep (Lair:4)
  A spriggan (shapeshifter) (D:13)
  2 shadows
  A water elemental (D:14)
  6 wyverns
  2 vampires
  3 wraiths
  An unseen horror simulacrum (D:7)
  54 yaks
  3 fire elementals (Volcano)
  4 basilisks
  3 steam dragons
  7 vampire mosquitoes
  2 wargs
  An acid dragon (Lair:5)
  5 hell hounds (Volcano)
  11 water moccasins
  3 swamp drakes (Lair:5)
  11 ice beasts
  A sky beast (D:7)
  15 orc warriors
  A black bear (D:5)
  24 wolves
  14 centaurs
  An ogre (D:5)
  A phantom (D:4)
  2 kobold brigands
  11 bullfrogs
  A gnoll sergeant (D:10)
  A necrophage (D:5)
  A scorpion (D:6)
  8 wights
  10 killer bees
  8 howler monkeys
  4 jellies
  10 orc priests
  A gnoll bouda (Lair:4)
  6 hounds
  Crazy Yiuf (D:6)
  7 iguanas
  12 orc wizards
  8 adders
  17 gnolls
  A howler monkey skeleton (D:7)
  5 white imps
  An ufetubus (D:6)
  3 worms
  A dart slug (D:2)
  49 orcs
  6 endoplasms
  3 giant cockroaches (D:1)
  9 goblins
  7 hobgoblins
  5 quokkas
  4 ball pythons
  6 bats
  11 frilled lizards
  11 kobolds
  13 rats
671 creatures vanquished.

Vanquished Creatures (collateral kills)
  A skeletal warrior (D:11)
  2 yaks (D:9)
3 creatures vanquished.

Vanquished Creatures (others)
  A centaur (D:13)
  An iguana (D:5)
  17 fungi
  25 plants
44 creatures vanquished.

Grand Total: 718 creatures vanquished

Notes
Turn   | Place    | Note
-------+----------+-------------------------------------------
     0 | D:1      | Devinter the Minotaur Fighter began the quest for the Orb.
     0 | D:1      | Reached XP level 1. HP: 19/19 MP: 0/0
   120 | D:1      | Reached XP level 2. HP: 27/27 MP: 1/1
   166 | D:1      | Reached skill level 3 in Long Blades
   397 | D:1      | Reached skill level 1 in Dodging
   501 | D:1      | Reached XP level 3. HP: 33/33 MP: 2/2
   672 | D:2      | Reached skill level 4 in Fighting
   725 | D:2      | Reached skill level 4 in Armour
   725 | D:2      | Reached skill level 4 in Shields
   739 | D:2      | Reached XP level 4. HP: 40/40 MP: 3/3
   778 | D:2      | Reached skill level 4 in Long Blades
   969 | D:2      | Reached XP level 5. HP: 47/47 MP: 4/4
   975 | D:2      | Reached skill level 2 in Dodging
  1488 | D:3      | Found a radiant altar of Vehumet.
  1509 | D:3      | You fall into a shaft and drop 2 floors!
  1509 | D:5      | Entered Level 5 of the Dungeon
  1521 | D:5      | Noticed an ogre
  1584 | D:6      | Reached XP level 6. HP: 23/53 MP: 5/5
  1597 | D:6      | Reached skill level 5 in Long Blades
  1807 | D:6      | Reached skill level 5 in Shields
  1875 | D:5      | Reached skill level 3 in Dodging
  1899 | D:5      | Reached skill level 5 in Fighting
  1900 | D:5      | Reached skill level 5 in Armour
  1904 | D:5      | Reached XP level 7. HP: 61/61 MP: 6/6
  1914 | D:5      | Reached skill level 6 in Long Blades
  2924 | D:4      | Found an opulent altar of Gozag.
  2938 | D:4      | Became a worshipper of Gozag Ym Sagoz the Greedy
  2955 | D:4      | Identified the +4 pair of boots "Hoiquu" {rPois rF+ Str+4}
  3171 | D:4      | Reached skill level 7 in Long Blades
  3171 | D:4      | Reached skill level 4 in Dodging
  3551 | D:5      | Found a staircase to the Ecumenical Temple.
  3560 | Temple   | Entered the Ecumenical Temple
  3625 | D:5      | Reached skill level 8 in Long Blades
  3625 | D:5      | Reached XP level 8. HP: 61/68 MP: 7/7
  3677 | D:5      | Reached skill level 5 in Dodging
  3901 | D:6      | Found a runed translucent door.
  3902 | D:6      | Noticed Crazy Yiuf
  3910 | D:6      | Killed Crazy Yiuf
  4063 | D:6      | Found a snail-covered altar of Cheibriados.
  4065 | D:6      | Found a blossoming altar of Fedhas.
  4082 | D:6      | Reached skill level 1 in Air Magic
  4242 | D:7      | Reached skill level 9 in Long Blades
  4242 | D:7      | Reached skill level 1 in Spellcasting
  4272 | D:7      | Reached skill level 10 in Long Blades
  4295 | D:7      | Reached skill level 6 in Fighting
  4336 | D:7      | Found a runed translucent gate.
  4336 | D:7      | Found a runed translucent gate.
  4449 | D:7      | Reached skill level 7 in Fighting
  4453 | D:7      | Reached XP level 9. HP: 62/79 MP: 9/9
  4499 | D:7      | Learned a level 3 spell: Swiftness
  4550 | D:7      | Found a runed translucent gate.
  4550 | D:7      | Noticed fedoskokos's ghost (novice DEBe)
  4550 | D:7      | Noticed a spectral unseen horror
  4550 | D:7      | Noticed a spectral unseen horror
  4782 | D:8      | Reached skill level 8 in Fighting
  4896 | D:8      | Noticed a polar bear
  4911 | D:8      | Reached skill level 2 in Air Magic
  4924 | D:8      | Reached skill level 2 in Spellcasting
  4929 | D:8      | Reached skill level 9 in Fighting
  4933 | D:8      | Noticed a rime drake
  4949 | D:8      | Killed a rime drake
  4959 | D:8      | Reached skill level 10 in Fighting
  5064 | D:8      | Killed a polar bear
  5065 | D:8      | Reached skill level 6 in Armour
  5067 | D:8      | Found a staircase to the Lair.
  5114 | D:8      | Noticed a two-headed ogre
  5122 | D:8      | Killed a two-headed ogre
  5123 | D:8      | Reached XP level 10. HP: 86/93 MP: 12/12
  5259 | D:8      | Reached skill level 11 in Long Blades
  5263 | D:8      | Reached skill level 7 in Armour
  5281 | D:8      | Found a runed translucent gate.
  5282 | D:8      | Found a runed translucent gate.
  5283 | D:8      | Found a runed translucent gate.
  5285 | D:8      | Noticed Bnni's ghost (novice MiFi)
  5287 | D:8      | Found a viscous altar of Jiyva.
  5750 | D:8      | Bought a scroll labelled BYRGHA COMNAEJIVE for 39 gold
                  | pieces
  5750 | D:8      | Bought a scroll labelled SAFEAJ PIMIXTAUMO for 39 gold
                  | pieces
  5750 | D:8      | Bought a scroll labelled ELAONG HUIPP for 39 gold pieces
  5993 | D:8      | Reached skill level 8 in Armour
  6193 | D:9      | Reached skill level 12 in Long Blades
  6221 | D:9      | Reached skill level 9 in Armour
  6402 | D:9      | Reached skill level 10 in Armour
  6628 | D:9      | Reached skill level 6 in Dodging
  6794 | D:9      | Noticed a cyclops
  6800 | D:9      | Reached XP level 11. HP: 63/99 MP: 13/13
  6821 | D:9      | Noticed a boulder beetle
  6824 | D:9      | Noticed a tengu warrior
  6862 | D:9      | Killed a tengu warrior
  6863 | D:9      | Reached skill level 13 in Long Blades
  6863 | D:9      | Reached skill level 7 in Dodging
  6865 | D:9      | HP: 9/99 [troll (6)]
  7087 | D:9      | Killed a boulder beetle
  7241 | D:10     | Entered Level 10 of the Dungeon
  7298 | D:10     | Identified the +2 robe of the Gastropod {+Blink}
  7332 | D:10     | Noticed a two-headed ogre
  7341 | D:10     | Killed a two-headed ogre
  7342 | D:10     | Reached skill level 8 in Dodging
  7816 | D:11     | Reached skill level 14 in Long Blades
  8002 | D:11     | Noticed a two-headed ogre
  8010 | D:11     | Killed a two-headed ogre
  8012 | D:11     | Noticed a centaur warrior
  8026 | D:11     | Killed a centaur warrior
  8027 | D:11     | Reached skill level 15 in Long Blades
  8393 | D:11     | Noticed Gastronok
  8419 | D:11     | Killed Gastronok
  8444 | D:11     | Noticed a skeletal warrior
  8444 | D:11     | Noticed a skeletal warrior
  8454 | D:11     | Noticed a skeletal warrior
  8462 | D:11     | Identified the +4 scale mail of Ashenzari's Wrath {Contam
                  | Rampage Int+2}
  8467 | D:11     | Noticed a skeletal warrior
  8470 | D:11     | Killed a skeletal warrior
  8470 | D:11     | Noticed a skeletal warrior
  8473 | D:11     | HP: 8/101 [skeletal warrior/+0 long sword (16)]
  8507 | D:11     | Killed a skeletal warrior
  8508 | D:11     | Reached XP level 12. HP: 30/108 MP: 14/14
  8542 | D:12     | Found Deti Hust's Weapon Shoppe.
  8734 | D:12     | Found Ravytirr's Magic Scroll Emporium.
  8740 | D:12     | Bought the +5 sword of Power {vorpal} for 800 gold pieces
  8740 | D:12     | Found the +5 sword of Power {vorpal}
  8760 | D:12     | Bought a scroll of magic mapping for 105 gold pieces
  8760 | D:12     | Bought a scroll of butterflies for 56 gold pieces
  8760 | D:12     | Bought a scroll of fear for 56 gold pieces
  8760 | D:12     | Bought a scroll of identify for 28 gold pieces
  8760 | D:12     | Bought a scroll of enchant weapon for 105 gold pieces
  8760 | D:12     | Bought 2 scrolls of identify for 56 gold pieces
  8760 | D:12     | Bought a scroll of teleportation for 42 gold pieces
  8766 | D:12     | Reached skill level 9 in Dodging
  8784 | D:12     | Found Beedaej's Antique Weapon Emporium.
  8819 | D:12     | Reached skill level 11 in Armour
  8821 | D:12     | Reached skill level 11 in Fighting
  9040 | D:11     | Found a staircase to the Orcish Mines.
  9040 | D:11     | Found Bechog's Armour Emporium.
  9645 | D:12     | Reached skill level 10 in Dodging
  9836 | Lair:1   | Entered Level 1 of the Lair of Beasts
  9845 | Lair:1   | Reached skill level 12 in Fighting
  9845 | Lair:1   | Reached skill level 12 in Armour
  9922 | Lair:1   | Found a dark tunnel.
  9927 | Volcano  | Entered a volcano
  9966 | Volcano  | Reached skill level 16 in Long Blades
 10324 | Lair:1   | Reached XP level 13. HP: 118/118 MP: 15/15
 10498 | Lair:1   | Reached skill level 17 in Long Blades
 10736 | Lair:1   | Learned a level 3 spell: Lesser Beckoning
 10942 | Lair:2   | Reached skill level 1 in Translocations
 11118 | Lair:2   | Reached skill level 2 in Translocations
 11653 | Lair:2   | You fall into a shaft and drop 1 floor!
 11685 | Lair:3   | Found a staircase to the Shoals.
 11729 | Lair:3   | Reached skill level 3 in Translocations
 11729 | Lair:3   | Reached skill level 3 in Air Magic
 12124 | Lair:3   | Reached skill level 3 in Spellcasting
 12280 | Lair:3   | Reached skill level 18 in Long Blades
 12434 | Lair:3   | Reached skill level 1 in Evocations
 12467 | Lair:3   | Found a staircase to the Snake Pit.
 12710 | Lair:4   | Reached skill level 2 in Evocations
 12944 | Lair:4   | Reached skill level 3 in Evocations
 13186 | Lair:4   | Reached XP level 14. HP: 127/127 MP: 17/17
 13195 | Lair:4   | Reached skill level 13 in Armour
 13246 | Lair:4   | Reached skill level 13 in Fighting
 13267 | Lair:4   | Reached skill level 4 in Evocations
 13694 | Lair:5   | Entered Level 5 of the Lair of Beasts
 13697 | Lair:5   | Found a staircase to the Slime Pits.
 14151 | Lair:5   | Reached skill level 5 in Evocations
 15031 | Lair:5   | Reached skill level 14 in Armour
 15068 | Lair:5   | Reached skill level 14 in Fighting
 15344 | D:8      | Bought the amulet "Fustrusou" {Reflect rN++ Int-4 Dex+8
                  | SH+5 Stlth+} for 939 gold pieces
 15344 | D:8      | Bought the ring of Caeribu {rF- rC+ rN+ Will+ Str+5} for
                  | 747 gold pieces
 15435 | D:7      | Killed fedoskokos's ghost
 15560 | Orc:1    | Entered Level 1 of the Orcish Mines
 15944 | Orc:2    | Entered Level 2 of the Orcish Mines
 16035 | Orc:1    | Found Tyfuw's Antique Armour Boutique.
 16209 | Orc:2    | Found a staircase to the Elven Halls.
 16841 | Orc:2    | Found Onaur's General Store.
 16841 | Orc:2    | Found Dustrowot's Distillery.
 16842 | Orc:2    | Found Cuhe's Distillery.
 16842 | Orc:2    | Found Nuuck's Armour Shop.
 16845 | Orc:2    | Reached skill level 15 in Fighting
 16845 | Orc:2    | Reached skill level 15 in Armour
 16851 | Orc:2    | Bought a scroll of identify for 26 gold pieces
 16860 | Orc:2    | Bought a potion of haste for 140 gold pieces
 16860 | Orc:2    | Bought a potion of mutation for 112 gold pieces
 16860 | Orc:2    | Bought a potion of might for 56 gold pieces
 16863 | Orc:2    | Bought a potion of curing for 45 gold pieces
 16863 | Orc:2    | Bought a potion of curing for 45 gold pieces
 17542 | D:13     | Found a gate to the Vaults.
 17875 | D:13     | Reached XP level 15. HP: 133/141 MP: 19/19
 18295 | D:14     | Reached skill level 4 in Translocations
 18302 | D:14     | Reached skill level 4 in Air Magic
 18310 | D:14     | Reached skill level 4 in Spellcasting
 18318 | D:14     | Reached skill level 11 in Dodging
 19214 | D:14     | Reached skill level 12 in Dodging
 19246 | D:15     | Entered Level 15 of the Dungeon
 19380 | D:15     | Found a staircase to the Depths.
 20417 | D:8      | Bought a scroll of acquirement for 728 gold pieces
 20417 | D:8      | Bought a scroll of identify for 28 gold pieces
 20417 | D:8      | Bought a scroll of identify for 28 gold pieces
 20417 | D:8      | Bought a scroll of identify for 28 gold pieces
 20418 | D:8      | Acquired 781 gold pieces
 20423 | D:8      | Bought a scroll of enchant armour for 210 gold pieces
 20565 | Depths:1 | Entered Level 1 of the Depths
 20569 | Depths:1 | Found a one-way gate to the infinite horrors of the Abyss.
 20602 | Depths:1 | Noticed a frost giant
 20622 | Depths:1 | Killed a frost giant
 20659 | Depths:1 | Reached skill level 16 in Fighting
 20738 | Depths:1 | Found a gateway to Hell.
 20898 | Depths:1 | Found a transporter.
 20899 | Depths:1 | Found a transporter.
 20915 | Depths:1 | Reached skill level 19 in Long Blades
 21031 | Depths:1 | Noticed a tengu reaver
 21045 | Depths:1 | Killed a tengu reaver
 21194 | Depths:1 | Found a portal to a secret trove of treasure.
 21220 | Depths:1 | Noticed a frost giant
 21227 | Depths:1 | Killed a frost giant
 21228 | Depths:1 | Reached XP level 16. HP: 143/154 MP: 21/21
 21326 | Depths:1 | Reached skill level 17 in Fighting
 21374 | Depths:1 | Identified the +4 short sword of the Median {vorpal, Int+10
                  | Dex+4}
 21504 | Depths:1 | Found a transporter.
 21523 | Depths:1 | Found a transporter.
 21524 | Depths:1 | Found a transporter.
 21524 | Depths:1 | Found a transporter.
 21794 | Depths:2 | Reached skill level 20 in Long Blades
 22048 | Depths:2 | Reached skill level 18 in Fighting
 22349 | Depths:2 | Identified the +1 robe of Fatoiplu {Regen+ Int+4}
 22408 | Depths:2 | Reached skill level 19 in Fighting
 22758 | Depths:2 | Found a one-way gate leading to the halls of Pandemonium.
 23009 | Depths:2 | HP: 5/162 [something (35)]
 23010 | Depths:2 | HP: 1/162 [something (28)]
 23022 | Depths:2 | HP: 14/162 [something (5)]
 23032 | Depths:2 | HP: 5/162 [something (18)]
 23033 | Depths:2 | Mangled by a vampire knight

Illustrated notes

Levels and vault maps discovered:
D:1:      mrwooster_arrival_statue_2, layout_loops_ring
D:2:      wander_river, layout_rooms, minmay_statues_item, minmay_lizard_king
D:3:      layout_basic, nicolae_vehumet_altar_sigil
D:4:      layout_loops_corners, nicolae_gozag_cash_rules_everything_around_me,
          roderic_roman_lattice
D:5:      layout_cave_pools, lemuel_temple_firewalk_b, grunt_ministairs_13,
          minmay_diced_spiral
D:6:      layout_rooms, chequers_temple_overflow_statue_of_worship,
          uniq_crazy_yiuf_cottage
D:7:      layout_rooms, gammafunk_ghost_necromancy
D:8:      layout_loops_corners, hellmonk_lair_entry_icy, gammafunk_ghost_ooze
D:9:      minmay_slanted_spiral_squares, layout_irregular_city
D:10:     layout_basic
D:11:     layout_loops_ring, orc_david_3, kennysheep_generic_room_14,
          uniq_gastronok
D:12:     layout_rooms, serial_shops, shop, nicolae_shop_stone,
          nicolae_shop_statue_plus
D:13:     layout_basic, david_vaults_4
D:14:     minmay_s_stair_smasher, layout_cave_pods, serial_park_fountain,
          lightli_corner_chamber
D:15:     hangedman_depths_entry_civil_slaughter, layout_basic,
          minmay_misc_feat_encased, ice2_lemuel
Temple:   nicolae_temple_no_exploring_needed
Lair:1:   layout_misc_corridors, nicolae_volcano_entry_s_turn
Lair:2:   layout_regular_city, grunt_megastairs_2, infiniplex_staircase_pool
Lair:3:   layout_regular_city, elwin_shoals_entry_stream, dummy_snake_entry,
          st_stairs_7, beast_lair_carwin_5, grunt_megastairs_5
Lair:4:   layout_loops_ring, dreamdust_gnoll_shepherd
Lair:5:   guppyfry_lair_end_dragon, layout_layer_cave,
          nicolae_slime_entry_slimehenge, minivault_27
Orc:1:    layout_diamond_mine, basic_altar, serial_shops, shop
Orc:2:    grunt_orc_tribal_feast, layout_caves
Depths:1: layout_honeycomb, pf_coc_iceberg, abyss_entry,
          nicolae_trove_entry_columns, chequers_serial_rivers_marsh,
          serial_nicolae_subway, nicolae_sub_station_stone,
          nicolae_sub_station_metal, nicolae_sub_station_crystal
Depths:2: due_jory_tower, layout_gridlike, hell_entry, rand_demon_pan_entry_8,
          infiniplex_staircase_pool_2, xom_confusion_cloud

Skill      XL: |  1  2  3  4  5  6  7  8  9 10 11 12 13 14 15 16 |
---------------+-------------------------------------------------+-----
Long Blades    | 3 4 5 8 10 12 15 16 18 19 20 | 20.0
Dodging        | 1 2 3 4 5 6 8 10 12 | 12.0
Fighting       | 4 5 7 10 12 15 16 19 | 19.7
Armour         | 4 5 6 10 12 15 | 15.0
Shields        | 4 5 |  5.0
Air Magic      | 1 2 3 4 |  4.0
Spellcasting   | 1 2 3 4 |  4.0
Translocations | 3 4 |  4.0
Evocations     | 3 5 |  5.0

Action                   |  1- 3 |  4- 6 |  7- 9 | 10-12 | 13-15 | 16-18 || total
-------------------------+-------+-------+-------+-------+-------+-------++-------
Melee: Long sword        |    86 |   133 |   242 |    67 |       |       ||   528
       Headbutt          |    12 |    27 |    61 |   101 |   173 |    30 ||   404
       Falchion          |       |       |       |   226 |    10 |       ||   236
       Great sword       |       |       |       |   134 |   768 |   138 ||  1040
       Scimitar          |       |       |       |       |    10 |       ||    10
       Punch             |       |       |       |       |     1 |       ||     1
 Fire: Sling             |       |     3 |       |       |       |       ||     3
Throw: Dart              |       |       |     9 |     6 |       |       ||    15
       Boomerang         |       |       |       |     2 |     4 |       ||     6
Invok: Call Merchant     |       |       |       |     1 |     3 |       ||     4
Evoke: Wand              |       |       |       |    13 |     1 |       ||    14
  Use: Scroll            |       |       |     7 |    16 |     7 |     3 ||    33
       Potion            |       |       |       |     4 |       |     6 ||    10
 Stab: Distracted        |       |       |     1 |     6 |    14 |     2 ||    23
       Petrified         |       |       |       |       |     3 |       ||     3
       Confused          |       |       |       |       |     1 |       ||     1
       Sleeping          |       |       |       |       |     5 |       ||     5
Armor: Scale mail        |    43 |    36 |    54 |    25 |   197 |    47 ||   402
       Chain mail        |       |       |    34 |    94 |       |       ||   128
Dodge: Dodged            |    32 |    48 |   123 |   239 |   522 |   116 ||  1080
Block: Buckler           |    14 |    36 |    65 |    74 |       |       ||   189
       Other             |       |       |       |       |    69 |    32 ||   101
       Reflection        |       |       |       |       |    10 |       ||    10

Table legend: (Time is in decaauts)
 A = Elapsed time spent in this place.
 B = Non-inter-level travel time spent in this place.
 C = Inter-level travel time spent in this place.
 D = Time resting spent in this place.
 E = Time spent auto-exploring this place.
 F = Levels seen in this place.
 G = Mean time per level.
                   A        B        C        D        E       F      G
               +--------+--------+--------+--------+--------+-----+--------+
         Total |  22878 |  21572 |   1306 |   3646 |   6301 |  26 |  879.9 |
       Dungeon |  13549 |  12611 |    938 |   2009 |   3464 |  15 |  903.3 |
        Temple |      1 |      1 |      0 |      0 |      0 |   1 |    1.0 |
          Lair |   5206 |   4998 |    208 |    566 |   1859 |   5 | 1041.2 |
  Orcish Mines |   1469 |   1405 |     64 |    175 |    528 |   2 |  734.5 |
        Depths |   2423 |   2328 |     95 |    872 |    450 |   2 | 1211.5 |
       Volcano |    227 |    227 |      0 |     24 |      0 |   1 |  227.0 |
               +--------+--------+--------+--------+--------+-----+--------+

Top non-repeatable levels by time:
Depths:1: 1658 daAuts
  Lair:5: 1583 daAuts
     D:8: 1419 daAuts
     D:9: 1415 daAuts
    D:14: 1343 daAuts
    D:11: 1280 daAuts
  Lair:4: 1047 daAuts
    D:15: 1037 daAuts
  Lair:2: 1036 daAuts
    D:12: 980 daAuts
   Orc:2: 896 daAuts
  Lair:3: 853 daAuts
     D:4: 829 daAuts
     D:3: 822 daAuts
Depths:2: 765 daAuts
